 Dungeon Crawl Stone Soup version 0.30.1-9-gdf580d7c3d (webtiles) character file.

Game seed: 17276193134897328421

28 leafyfresh the Covert (level 3, 0/35 HPs)
             Began as a Gnoll Delver on Oct 12, 2023.
             Slain by an ufetubus (1 damage)
             ... on level 5 of the Dungeon.
             The game lasted 00:00:19 (219 turns).

leafyfresh the Covert (Gnoll Delver)                 Turns: 219, Time: 00:00:19

Health: 0/35       AC:  3    Str: 11    XL:     3   Next: 12%
Magic:  4/4        EV: 13    Int:  9    God:
Gold:   0          SH:  0    Dex: 15    Spells: 3/3 levels left

rFire   . . .        a - +0 short sword
rCold   . . .        (no shield)
rNeg    . . .        b - +0 leather armour
rPois   .            (no helmet)
rElec   .            (no cloak)
rCorr   .            (no gloves)
SInv    .            (no boots)
Will    .....        (no amulet)
Stlth   ++++         (no ring)
HPRegen 0.25/turn    (no ring)
MPRegen 0.09/turn

%: no passive effects
@: no status effects
A: fangs 1, strong nose, distributed training
a: no special abilities


You were on level 5 of the Dungeon.
You visited 1 branch of the dungeon, and saw 1 of its levels.

Inventory:

Hand Weapons
 a - a +0 short sword (weapon)
Armour
 b - a +0 leather armour (worn)
Jewellery
 h - the amulet of Yssy Pan {+Inv Regen+}
   (You found it on level 5 of the Dungeon)

   [amulet of regeneration]

   +Inv:      It lets you turn invisible.
   Regen:     It increases your rate of health regeneration.
Wands
 g - a wand of digging (3)
Scrolls
 c - a scroll of fog
 d - a scroll of magic mapping
 e - a scroll of fear
Potions
 f - a potion of haste
 i - a potion of heal wounds {unknown}
 j - a potion of attraction {unknown}


   Skills:
 + Level 6.5 Fighting
 + Level 4.5 Short Blades
 + Level 0.7 Long Blades
 + Level 0.7 Axes
 + Level 0.7 Maces & Flails
 + Level 0.7 Polearms
 + Level 0.7 Staves
 + Level 0.7 Ranged Weapons
 + Level 0.7 Throwing
 + Level 0.7 Armour
 + Level 4.5 Dodging
 + Level 9.5 Stealth
 + Level 0.7 Shields
 + Level 0.7 Unarmed Combat
 + Level 0.7 Spellcasting
 + Level 0.5 Conjurations
 + Level 0.5 Hexes
 + Level 0.5 Summonings
 + Level 0.5 Necromancy
 + Level 0.5 Translocations
 + Level 0.5 Transmutations
 + Level 0.5 Fire Magic
 + Level 0.5 Ice Magic
 + Level 0.5 Air Magic
 + Level 0.5 Earth Magic
 + Level 0.5 Poison Magic
 + Level 0.9 Invocations
 + Level 0.7 Evocations


You had 3 spell levels left.
You didn't know any spells.
Your spell library was empty.

Dungeon Overview and Level Annotations

Branches:
Dungeon (5/15)
 Temple: D:4-7

Altars:


Innate Abilities, Weirdness & Mutations

You have very sharp teeth.
Your uncanny sense of smell can sniff out nearby items.
Your experience applies equally to all skills.


Message History

The ufetubus attacks as you move away! The ufetubus barely misses you. x3
The ufetubus hits you. The ufetubus attacks as you move away!
The ufetubus barely misses you.
The ufetubus hits you but does no damage.
The ufetubus hits you. The ufetubus barely misses you. The ufetubus misses you.
The ufetubus hits you. The ufetubus barely misses you. The ufetubus misses you.
You closely miss the ufetubus.
The ufetubus is moderately wounded.
The ufetubus hits you. The ufetubus misses you.
You barely miss the ufetubus.
The ufetubus is moderately wounded.
The ufetubus completely misses you.
The ufetubus hits you but does no damage.
You barely miss the ufetubus.
The ufetubus is moderately wounded.
The ufetubus closely misses you. The ufetubus barely misses you.
You hit the ufetubus but do no damage.
The ufetubus is moderately wounded.
The ufetubus hits you. x2
* * * LOW HITPOINT WARNING * * *
The orc hits you with a +0 hand axe.
* * * LOW HITPOINT WARNING * * *
An orc comes into view. It is wielding a +0 club.
The orc shouts!
You hit the ufetubus.
The ufetubus is heavily wounded.
The ufetubus hits you.
* * * LOW HITPOINT WARNING * * *
The ufetubus hits you but does no damage.
The orc closely misses you.
You hit the ufetubus.
The ufetubus is almost dead.
The ufetubus barely misses you. The ufetubus closely misses you.
You miss the ufetubus.
The ufetubus is almost dead.
The ufetubus closely misses you. The ufetubus hits you.
* * * LOW HITPOINT WARNING * * *
The orc hits you but does no damage. The ufetubus hits you.
You die...

###### ###....##
##.......###
#..........#
#..........#
#..........#
##.......o@# ###
###..[.o5## ##.####
...#
##.....####.....##
....#
#......##.......##
.....#
##...#............#
......
#.o.###...........##
......###..##
##...........##
.......#...#
##...........#
.......#..##
##..........##


You could see 3 orcs and an ufetubus.

Vanquished Creatures
  A jelly (D:5)
1 creature vanquished.

Notes
Turn   | Place    | Note
-------+----------+-------------------------------------------
     0 | D:5      | Reached skill level 9 in Stealth
     0 | D:5      | leafyfresh the Gnoll Delver began the quest for the Orb.
     0 | D:5      | Reached XP level 1. HP: 23/23 MP: 1/1
    51 | D:5      | Identified the amulet of Yssy Pan {+Inv Regen+}
   104 | D:5      | Noticed a jelly
   111 | D:5      | Killed a jelly
   112 | D:5      | Reached XP level 2. HP: 29/29 MP: 1/3
   112 | D:5      | Reached XP level 3. HP: 35/35 MP: 1/4
   219 | D:5      | HP: 1/35 [ufetubus (4)]
   219 | D:5      | Slain by an ufetubus

Illustrated notes

Levels and vault maps discovered:
D:5:      layout_cave_pods, minitemple, minmay_fractal_squares_gapless_5

Skill      XL: | |
---------------+-+-----
Stealth        | |  9.5
Fighting       | |  6.5
Short Blades   | |  4.5
Long Blades    | |  0.7
Axes           | |  0.7
Maces & Flails | |  0.7
Polearms       | |  0.7
Staves         | |  0.7
Ranged Weapons | |  0.7
Throwing       | |  0.7
Armour         | |  0.7
Dodging        | |  4.5
Shields        | |  0.7
Unarmed Combat | |  0.7
Spellcasting   | |  0.7
Conjurations   | |  0.5
Hexes          | |  0.5
Summonings     | |  0.5
Necromancy     | |  0.5
Translocations | |  0.5
Transmutations | |  0.5
Fire Magic     | |  0.5
Ice Magic      | |  0.5
Air Magic      | |  0.5
Earth Magic    | |  0.5
Poison Magic   | |  0.5
Invocations    | |  0.9
Evocations     | |  0.7

Action                     || total
---------------------------++-------
  Melee: Short sword       ||    10
         Bite              ||     1
   Stab: Sleeping          ||     1
 Armour: Leather armour    ||     7
  Dodge: Dodged            ||    39
